Map: Dreamcatcher LE

Players

Semper

  • Race: Terran Terran
  • Spawn Location: 5:00

DnS - Winner!

  • Race: Protoss Protoss
  • Spawn Location: 11:00

Event: WCS Austin 2018

VOD

Have the link to the VOD?

Description

Time

  • Played on: June 1, 2018, 6:11 p.m.
  • Length: 10:46

All games in this series

Show
View Real Time Build Order
Export as new Build Order

Semper Terran 

Build Orders: Reaper Expand, MMM Bio 

Get SALT Encoding   

  12  0:00  SCV  
  13  0:13  SCV  
  14  0:17  Supply Depot  
  14  0:25  SCV  
  15  0:39  SCV  
  15  0:41  Barracks  
  16  0:45  Refinery  
  16  0:51  SCV  
  17  1:03  SCV  
  18  1:08  Engineering Bay  
  18  1:15  SCV  
  19  1:31  Reaper  
  19  1:32  Orbital Command  
  19  1:57  Command Center  
  19  2:01  SCV  
  20  2:04  Marine  
  21  2:13  SCV  
  22  2:15  Supply Depot  
  22  2:25  SCV  
  22  2:28  Factory  
  23  2:37  SCV  
  23  2:38  Marine  
  23  2:42  Refinery  
  25  2:49  SCV  
  26  2:51  Bunker  
  26  2:56  Marine  
  27  3:02  SCV  
  27  3:20  SCV  
  27  3:25  Starport, Widow Mine  
  30  3:28  Barracks Reactor  
  31  3:34  Orbital Command  
  31  3:35  Barracks, SCV  
  31  3:46  Widow Mine  
  31  3:47  SCV  
  34  3:50  Barracks  
  34  3:59  SCV  
  34  4:01  SCV  
  35  4:03  Viking  
  35  4:07  Marine x2  
  35  4:09  Widow Mine, Supply Depot  
  41  4:11  SCV  
  41  4:13  SCV  
  41  4:16  Supply Depot  
  43  4:23  SCV, Barracks Tech Lab  
  44  4:25  SCV  
  44  4:26  Engineering Bay  
  45  4:32  Marine  
  45  4:33  Marine  
  45  4:35  SCV  
  45  4:37  SCV  
  49  4:41  Barracks Tech Lab  
  49  4:42  Starport Reactor, Factory Reactor  
  49  4:43  Stimpack  
  49  4:46  Marine  
  49  4:47  SCV  
  49  4:51  SCV  
  52  4:56  Marine x2  
  52  4:59  Supply Depot, SCV  
  55  5:03  Marine, Combat Shields  
  55  5:05  Terran Infantry Weapons Level 1, SCV  
  57  5:11  SCV  
  57  5:12  Marine  
  57  5:13  Supply Depot  
  59  5:14  Marine  
  59  5:17  SCV  
  59  5:18  Marine  
  59  5:21  Medivac  
  64  5:24  SCV  
  64  5:25  Marine  
  64  5:30  Medivac  
  64  5:31  Marine  
  64  5:32  Marine  
  64  5:34  SCV  
  69  5:36  SCV  
  69  5:37  Supply Depot  
  69  5:38  Marine  
  71  5:45  Refinery  
  71  5:46  Refinery, Marine, SCV  
  71  5:47  Widow Mine  
  71  5:48  Widow Mine, Marine  
  71  5:49  Supply Depot  
  76  5:50  SCV  
  76  5:54  Marine  
  78  5:59  SCV  
  78  6:01  Marine  
  78  6:03  Medivac  
  82  6:04  SCV  
  82  6:05  Marauder  
  82  6:08  Supply Depot  
  82  6:09  Marine  
  88  6:11  Widow Mine  
  88  6:12  Widow Mine  
  88  6:13  SCV  
  88  6:18  SCV  
  89  6:23  Missile Turret  
  89  6:27  SCV  
  89  6:28  Marine  
  89  6:29  Marauder, Concussive Shells, Missile Turret  
  93  6:38  Marine  
  94  6:41  Marine  
  94  6:45  Widow Mine x2  
  94  6:46  Marine  
  100  6:50  SCV x2  
  102  6:56  Marine  
  102  6:59  Marine  
  102  7:03  Supply Depot  
  102  7:05  Supply Depot  
  102  7:06  Marine  
  101  7:12  Command Center  
  101  7:14  Marine  
  102  7:22  SCV  
  102  7:24  Marine  
  102  7:25  Marauder, Widow Mine x2  
  102  7:27  Marauder, SCV  
  102  7:28  Medivac x2  
  102  7:29  Supply Depot  
  116  7:30  Supply Depot  
  116  7:32  Marine  
  117  7:39  SCV  
  117  7:42  Liberator  
  118  7:50  Marauder x2, Barracks, Marine x2, SCV  
  125  7:52  Barracks  
  127  8:07  SCV  
  127  8:08  Marine x2  
  127  8:10  Supply Depot  
  127  8:11  Marine, Terran Infantry Armor Level 1  
  127  8:12  Marauder  
  133  8:26  Marine x2  
  135  8:27  Liberator x2, SCV  
  135  8:28  Orbital Command  
  135  8:29  Marine  
  135  8:33  Marine  
  137  8:43  Marine  
  137  8:44  Marine  
  137  8:46  Barracks Tech Lab  
  137  8:47  Marauder, Barracks Reactor  
  147  8:50  SCV  
  147  8:51  Marauder  
  150  8:57  Orbital Command  
  150  9:01  Marine  
  151  9:05  Armory, Engineering Bay  
  151  9:07  Marine  
  151  9:08  Marauder, Marine  
  155  9:11  Liberator  
  155  9:12  Marine  
  155  9:16  SCV  
  157  9:22  Marine  
  155  9:27  Marauder, Marine  
  155  9:29  Marauder, SCV x2  
  148  9:31  Supply Depot  
  136  9:41  Marine x3  
  136  9:42  Marauder  
  136  9:43  Widow Mine x2, SCV  
  116  9:47  SCV  
  116  9:49  Marine  
  116  9:50  Marine  
  119  9:53  SCV  
  119  9:55  SCV  
  119  9:59  SCV  
  122  10:02  Marine  
  122  10:03  Marauder, Sensor Tower  
  122  10:05  Marine  
  122  10:06  Marauder  
  131  10:13  Missile Turret  
  134  10:16  Marine  
  135  10:24  Widow Mine x2  
  135  10:25  SCV  
  135  10:26  SCV x2  
Show
View Real Time Build Order
Export as new Build Order

DnS Protoss - Winner!

Build Orders: Oracle Opening 

Get SALT Encoding   

  12  0:00  Probe  
  13  0:12  Probe  
  14  0:17  Pylon  
  14  0:24  Probe  
  15  0:32  Probe  
  15  0:36  Gateway  
  15  0:40  Probe  
  16  0:47  Assimilator  
  17  0:51  Probe  
  18  1:03  Probe  
  19  1:15  Probe  
  19  1:16  Zealot  
  22  1:27  Pylon  
  22  1:29  Probe  
  23  1:37  Cybernetics Core  
  23  1:45  Probe  
  24  1:49  Assimilator  
  24  1:57  Probe  
  25  2:04  Stalker  
  25  2:09  Probe  
  25  2:14  Warp Gate  
  28  2:21  Pylon  
  28  2:22  Probe  
  29  2:30  Nexus  
  29  2:34  Probe  
  29  2:39  Adept  
  30  2:46  Probe  
  30  2:50  Stargate  
  31  2:58  Probe  
  32  3:10  Probe  
  33  3:19  Probe  
  31  3:24  Oracle  
  32  3:27  Probe  
  32  3:29  Stalker  
  36  3:38  Probe  
  37  3:42  Probe  
  38  3:50  Probe  
  38  3:55  Probe  
  40  4:03  Nexus, Probe  
  40  4:06  Phoenix  
  40  4:07  Probe  
  44  4:15  Probe  
  45  4:18  Gateway  
  45  4:19  Probe  
  45  4:22  Gateway  
  46  4:27  Probe  
  47  4:31  Probe  
  47  4:33  Phoenix  
  50  4:40  Assimilator  
  50  4:41  Pylon  
  50  4:42  Assimilator  
  50  4:44  Probe x2  
  52  4:53  Twilight Council  
  52  4:54  Forge  
  52  4:56  Probe  
  52  4:58  Protoss Ground Armor Level 1  
  52  4:59  Probe  
  54  5:01  Charge  
  54  5:02  Sentry  
  54  5:06  Pylon  
  56  5:08  Probe  
  56  5:11  Probe  
  56  5:12  Phoenix  
  60  5:15  Probe  
  60  5:20  Probe  
  59  5:23  Probe  
  60  5:30  Probe  
  60  5:33  Sentry, Probe  
  60  5:35  Probe  
  65  5:37  Phoenix  
  65  5:42  Probe  
  68  5:45  Probe  
  68  5:47  Probe  
  70  5:50  Gateway  
  70  5:51  Gateway  
  70  5:54  Probe  
  70  5:56  Gateway, Sentry  
  73  6:00  Gateway  
  73  6:04  Gateway  
  73  6:07  Phoenix  
  73  6:09  Probe  
  73  6:10  Probe  
  77  6:18  Zealot x2  
  77  6:20  Zealot  
  77  6:22  Protoss Ground Armor Level 2  
  77  6:23  Pylon, Probe x2  
  85  6:31  Pylon  
  85  6:35  Phoenix  
  85  6:36  Pylon  
  85  6:41  Probe  
  85  6:43  Zealot  
  85  6:44  Zealot  
  92  6:50  Zealot x3  
  92  6:52  Pylon  
  98  6:56  Phoenix  
  100  7:02  Zealot x3  
  106  7:11  Zealot x4  
  114  7:16  Pylon  
  114  7:18  Zealot  
  116  7:32  Pylon  
  116  7:33  Pylon  
  116  7:34  Phoenix  
  118  7:38  Zealot x3  
  118  7:42  Pylon  
  124  7:56  Zealot x5  
  134  8:00  Phoenix, Pylon  
  134  8:02  Pylon  
  134  8:03  Robotics Facility  
  136  8:11  Probe x3  
  139  8:13  Assimilator  
  139  8:14  Assimilator  
  139  8:24  Probe  
  139  8:25  Probe x2  
  139  8:26  Phoenix  
  144  8:30  Protoss Ground Weapons Level 1  
  144  8:35  Blink  
  144  8:37  Probe  
  144  8:39  Zealot x8  
  161  8:45  Pylon  
  161  8:47  Observer  
  161  8:54  Robotics Bay  
  162  9:02  Zealot x2  
  164  9:03  Zealot, Observer  
  164  9:04  Zealot x3  
  164  9:07  Pylon  
  173  9:22  Pylon  
  173  9:23  Pylon  
  157  9:27  Colossus, Zealot x8  
  148  9:42  Phoenix  
  150  9:49  Probe x3  
  153  10:01  Probe x2  
  153  10:05  Probe  
  156  10:07  Phoenix  
  156  10:13  Probe x2  
  160  10:17  Probe  
  155  10:25  Probe x2  
  135  10:29  Probe  
  135  10:33  Stalker x4, Sentry x3  
Tags
 
Add a new tag
Caveats
  • Supply blocks, unpowered buildings, or Contaminate may cause inaccurate times.
  • Supply counts are checked every 10 seconds.